AoeStats
← MrGrumpyFace

Arabian Desert

513628362Analyzed
1v1 RM · 2d ago on Oct 14, 2026· 35m 1s· 2 players
Game mode
Random Map
Map size
Tiny (2 player)
Population
200
Speed
Normal
Resources
Standard
Victory
Conquest
Starting age
Dark Age
Ending age
Imperial Age
RankedLock teamsTeams togetherTeam positionsShared explorationLock speedFull tech treeHidden civsTurbo modeCheats
Victory
Defeat
🇮🇳 Dravidians · India
1654
+17
vs
1674
-17
MrGrumpyFace
6:31 Loom
9:12 Feudal Age
9:23 Man-at-Arms
10:29 Town Watch
12:39 Fletching
16:46 Padded Archer Armor
24:12 Castle Age
22:22 Horse Collar
24:16 Elite Skirmisher
24:52 Bodkin Arrow
27:58 Wheelbarrow
AiM | Walter Quiver
6:54 Loom
8:54 Feudal Age
9:07 Man-at-Arms
13:23 Fletching
15:32 Double-Bit Axe
20:59 Wheelbarrow
25:02 Castle Age
23:34 Horse Collar
25:40 Bodkin Arrow
25:05 Crossbowman
27:10 Scale Barding Armor
27:36 Bow Saw
27:18 Gold Mining
29:53 Forging
30:24 Heavy Plow
32:15 Husbandry
Connection lost

Rejoining the realm…

Still unreachable

The connection could not be restored.

Session expired

The server has moved on; the page needs a fresh start.